 Dungeon Crawl Stone Soup version 0.27.1-33-g824d729ab1 (webtiles) character file.

Game seed: 11490563497484689531

713 Chaositek the Grave Robber (level 7, -3/37 HPs)
             Began as a Vampire Necromancer on Aug 13, 2021.
             Slain by an ogre (19 damage)
             ... on level 6 of the Dungeon on Dec 14, 2021.
             The game lasted 00:24:04 (4763 turns).

Chaositek the Grave Robber (Vampire Necromancer)    Turns: 4763, Time: 00:24:05

Health: -3/37      AC:  4    Str:  7    XL:     7   Next: 41%
Magic:  18/24      EV: 16    Int: 20    God:
Gold:   265        SH:  0    Dex: 14    Spells: 0/16 levels left

rFire    . . .     SeeInvis +   g - +1 quarterstaff (spect)
rCold    + + .     Faith    .   (shield currently unavailable)
rNeg     + + +     Spirit   .   a - +0 robe
rPois    ∞         Reflect  .   (no helmet)
rElec    .         Harm     .   u - +1 cloak
rCorr    .         Rampage  .   (no gloves)
Will     .....                  (no boots)
Stlth    +++++.....             (no amulet)
HPRegen  0.00/turn              c - ring of magical power
MPRegen  0.19/turn              k - +4 ring of evasion

@: bloodless, inhibited regen
A: bloodless, fangs 3, see invisible, vampiric 2
a: Bat Form, Revivify


You were on level 6 of the Dungeon.
You visited 1 branch of the dungeon, and saw 6 of its levels.

You collected 265 gold pieces.

Inventory:

Hand Weapons
 g - a +1 spectral quarterstaff (weapon)
Missiles
 s - a throwing net
Armour
 a - a +0 robe (worn)
 u - a +1 cloak (worn)
 w - a scarf of harm
Jewellery
 c - a ring of magical power (left hand)
 k - a +4 ring of evasion (right hand)
 v - a ring of protection from fire
Scrolls
 b - 2 scrolls of identify {unknown}
 h - a scroll of teleportation {unknown}
 j - a scroll of blinking {unknown}
 l - a scroll of summoning {unknown}
 o - 2 scrolls of vulnerability {unknown}
 p - a scroll of torment {unknown}
 r - a scroll of silence {unknown}
Potions
 d - a potion of lignification {unknown}
 e - 2 potions of degeneration {unknown}
 f - a potion of resistance {unknown}
 i - a potion of heal wounds {unknown}
 m - 2 potions of haste {unknown}
 n - a potion of brilliance {unknown}
 q - a potion of cancellation {unknown}
 t - a potion of experience {unknown}


   Skills:
 + Level 0.4 Fighting
 + Level 1.3 Staves
 + Level 2.4 Dodging
 + Level 3.9 Stealth
 * Level 5.4 Spellcasting
 * Level 7.2 Necromancy


You couldn't memorise any spells.
You knew the following spells:

 Your Spells              Type           Power      Damage    Failure   Level
a - Pain                  Necr           100%       1d9       1%          1
b - Animate Skeleton      Necr           68%        N/A       1%          1
c - Vampiric Draining     Necr           17%        2d8       1%          3
d - Animate Dead          Necr           17%        N/A       6%          4
e - Blink                 Tloc           N/A        N/A       17%         2
f - Agony                 Necr           34%        N/A       16%         5

Your spell library contained the following spells:

 Spells                   Type           Power      Damage    Failure   Level
 Lesser Beckoning         Tloc           2%         N/A       32%         3
 Manifold Assault         Tloc           5%         N/A       97%         5


Dungeon Overview and Level Annotations

Branches:
Dungeon (6/15)
 Temple: D:4-7

Altars:
Ashenzari
Kikubaaqudgha
Okawaru
Trog
Zin


Innate Abilities, Weirdness & Mutations

You do not regenerate when monsters are visible.
You are frail without blood (-20% HP).
You can heal yourself when you bite living creatures.
You are immune to poison.
You have razor-sharp teeth.
You have supernaturally acute eyesight. (SInv)
You are afflicted with vampirism and can become a bat while bloodless.


Message History

a +0 flail; a +0 scale mail You barely miss the orc.
The orc hits you with a +0 flail.
You hit the orc.
The orc is moderately wounded.
The orc closely misses you.
An ogre comes into view. It is wielding a +0 giant club.
A scorpion comes into view.
You sock the orc!
You kill the orc!
You thump the orc!
You kill the orc!
You completely miss the orc. The orc closely misses you.
You closely miss the orc. Your bite misses the orc. The orc closely misses you.
The orc hits you but does no damage.
You closely miss the orc. You bite the orc, but do no damage.
The orc hits you but does no damage.
You closely miss the orc. The orc hits you with a +0 club.
You hit the orc.
The orc is severely wounded.
The orc hits you but does no damage.
You sock the orc!
You kill the orc!
A bullfrog skeleton comes into view.
Cast which spell? (? or * to list)
Okay, then.
Cast which spell? (? or * to list)
The spell is extremely dangerous to cast (16% risk of failure)!
Continue anyway?
Aiming: Agony (extremely dangerous; 16% risk of failure)
Press: ? - help, Shift-Dir - straight line, f - ogre
Aim: an ogre, wielding a +0 giant club (chance to affect: 95%)
The ogre convulses!
The ogre hits you with a +0 giant club!
Casting: Agony (extremely dangerous; 16% risk of failure)
Confirm with . or Enter, or press ? or * to list all spells.
Aiming: Pain (safe; 1% risk of failure)
Press: ? - help, Shift-Dir - straight line, f/p - ogre
Aim: an ogre, wielding a +0 giant club (heavily wounded, chance to affect: 84%)
The ogre writhes in agony.
The ogre hits you with a +0 giant club!!
Ouch! That really hurt!
You die...

#......##
#.#
#.......
#.####..#
#.#
#.......
##.####.#
#.......
#...##.#
#.......
#...##.#
......(.
#...#...
....###.
##.##
#....# .
#..# ##@#
#O# .s#
...#
....Z
#...#.
#... .
.... #.


You could see an ogre, a scorpion and a bullfrog skeleton.

Vanquished Creatures
  An ogre (D:5)
  3 phantoms
  A water moccasin skeleton (D:5)
  A vampire bat (D:5)
  Crazy Yiuf (D:5)
  2 jellies
  A scorpion zombie (D:5)
  A hound skeleton (D:5)
  2 adders
  7 gnolls
  A shadow imp (D:6)
  A white imp (D:5)
  2 ufetubi
  An adder zombie (D:5)
  2 dart slugs
  9 orcs (D:6)
  3 bats (D:1)
  3 bat skeletons (D:5)
  4 bat zombies (D:5)
  6 endoplasms
  3 giant cockroaches
  4 hobgoblins
  3 jackals (D:5)
  2 kobolds
  A quokka (D:2)
  2 ball pythons
  5 frilled lizards
  2 goblins (D:4)
74 creatures vanquished.

Vanquished Creatures (others)
  19 plants (D:5)
19 creatures vanquished.

Grand Total: 93 creatures vanquished

Notes
Turn   | Place    | Note
-------+----------+-------------------------------------------
     0 | D:1      | Chaositek the Vampire Necromancer began the quest for the
                  | Orb.
     0 | D:1      | Reached XP level 1. HP: 13/13 MP: 3/3
   508 | D:1      | Reached XP level 2. HP: 15/15 MP: 3/5
   565 | D:1      | Learned a level 1 spell: Animate Skeleton
   908 | D:2      | Reached skill level 5 in Necromancy
  1034 | D:2      | Gained mutation: You are afflicted with vampirism and can
                  | become a bat while bloodless. [Vampire growth]
  1034 | D:2      | Reached XP level 3. HP: 10/19 MP: 1/6
  1287 | D:2      | Learned a level 3 spell: Vampiric Draining
  2004 | D:2      | Reached XP level 4. HP: 24/24 MP: 3/8
  2301 | D:3      | You fall into a shaft and drop 1 floor!
  2483 | D:4      | Learned a level 4 spell: Animate Dead
  3217 | D:5      | Entered Level 5 of the Dungeon
  3245 | D:5      | Noticed a phantom
  3246 | D:5      | Upgraded the game from 0.27.0-1-g7a089689b8 to
                  | 0.27.1-33-g824d729ab1
  3271 | D:4      | Killed a phantom
  3272 | D:4      | Reached skill level 6 in Necromancy
  3272 | D:4      | Reached XP level 5. HP: 25/28 MP: 9/11
  3275 | D:4      | Learned a level 2 spell: Blink
  3321 | D:5      | Noticed a phantom
  3354 | D:5      | Killed a phantom
  3355 | D:5      | Reached XP level 6. HP: 20/32 MP: 12/12
  3700 | D:5      | Reached skill level 5 in Spellcasting
  3774 | D:5      | Found an iron altar of Okawaru.
  3891 | D:5      | Reached XP level 7. HP: 25/36 MP: 14/14
  3988 | D:5      | Found a broken altar of Ashenzari.
  3993 | D:5      | Found a bloodstained altar of Trog.
  4160 | D:5      | Reached skill level 7 in Necromancy
  4234 | D:5      | Found an ancient bone altar of Kikubaaqudgha.
  4238 | D:5      | Reached skill level 1 in Staves
  4282 | D:5      | Found a runed translucent door.
  4283 | D:5      | Noticed Crazy Yiuf
  4351 | D:5      | Killed Crazy Yiuf
  4362 | D:5      | Learned a level 5 spell: Agony
  4763 | D:6      | Slain by an ogre

Illustrated notes

Levels and vault maps discovered:
D:1:      ncdulo_smallfort, layout_basic, wander_ebering_terrifying_dragon_lair
D:2:      layout_loops_ring
D:3:      layout_loops_ring, nzn_hepliaklqana_mist_gate
D:4:      layout_gridville, feat_on_display
D:5:      layout_rooms, kennysheep_vampire_church, grunt_temple_overflow_open,
          lemuel_tele_altar, grunt_decor_junction, serial_bayou_pond_c,
          minmay_holes, uniq_crazy_yiuf_cottage
D:6:      layout_basic, nicolae_overflow_crystal_walls, serial_shops, shop_coins

Skill      XL: |  1  2  3  4  5  6  7 |
---------------+----------------------+-----
Necromancy     | 5 6 7 |  7.2
Spellcasting   | 4 5 |  5.4
Staves         | 1 |  1.3
Fighting       | |  0.4
Dodging        | |  2.4
Stealth        | |  3.9

Action                   |  1- 3 |  4- 6 |  7- 9 || total
-------------------------+-------+-------+-------++-------
Melee: Unarmed           |     1 |       |       ||     1
       Quarterstaff      |       |    26 |    40 ||    66
       Bite              |       |     2 |     4 ||     6
 Cast: Pain              |    56 |    26 |    18 ||   100
       Animate Skeleton  |     9 |     2 |     1 ||    12
       Animate Dead      |       |     1 |     2 ||     3
       Agony             |       |       |     1 ||     1
 Abil: Exsanguinate      |     1 |       |       ||     1
 Stab: Sleeping          |       |       |     6 ||     6
Armor: Robe              |     1 |     1 |    15 ||    17
Dodge: Dodged            |     2 |    20 |    39 ||    61
